 Dungeon Crawl Stone Soup version 0.20.1-1-g8b1a95d (webtiles) character file.

9214 Gargoyl the Protected (level 11, -1/94 HPs)
             Began as a Minotaur Abyssal Knight on Aug 11, 2017.
             Was a High Priest of Lugonu.
             Slain by a polar bear (21 damage)
             ... on level 1 of the Lair of Beasts.
             The game lasted 00:24:38 (12861 turns).

Gargoyl the Protected (Minotaur Abyssal Knight)    Turns: 12861, Time: 00:24:39

Health: -1/94      AC: 15    Str: 17    XL:     11   Next: 20%
Magic:  15/15      EV:  6    Int:  9    God:    Lugonu [*****.]
Gold:   590        SH: 10    Dex: 13    Spells: 10/10 levels left

rFire    . . .     SeeInvis .   J - +0 war axe
rCold    . . .     Gourm    .   N - +0 shield
rNeg     + . .     Faith    .   b - +1 chain mail
rPois    .         Spirit   .   (helmet restricted)
rElec    .         Reflect  +   (no cloak)
rCorr    .         Harm     .   (no gloves)
MR       +....                  p - +0 pair of boots
Stlth    ..........             j - +2 amulet of reflection
Regen    0.3/turn               v - ring of protection from magic
MPRegen  0.2/turn               e - ring of positive energy

@: no status effects
A: retaliatory headbutt, horns 2
a: Depart the Abyss, Bend Space, Banish, Corrupt, Enter the Abyss, Renounce
Religion


You were on level 1 of the Lair of Beasts.
You worshipped Lugonu.
Lugonu was extremely pleased with you.
You were not hungry.

You visited 2 branches of the dungeon, and saw 11 of its levels.
You visited the Abyss 1 time.

You collected 590 gold pieces.

Inventory:

Hand Weapons
 a - a +2 hand axe
 J - a +0 war axe (weapon)
Missiles
 w - 5 tomahawks (quivered)
Armour
 b - a +1 chain mail (worn)
 p - a +0 pair of boots (worn)
 N - a +0 shield (worn)
Jewellery
 e - a ring of positive energy (right hand)
 j - a +2 amulet of reflection (around neck)
 v - a ring of protection from magic (left hand)
 z - an uncursed ring of flight
 E - an uncursed ring of resist corrosion
Wands
 h - a wand of paralysis (1/24)
 k - a wand of lightning (0/15)
 q - a wand of clouds (4/9)
 G - a wand of flame (27/48)
 P - a wand of iceblast (8/15)
Scrolls
 t - 2 scrolls of teleportation
 y - 3 scrolls of remove curse
 D - a scroll of amnesia
 F - 2 scrolls of recharging
 I - a scroll of identify
 L - a scroll of fog
Potions
 d - 2 potions of haste
 f - 2 potions of mutation {unknown}
 g - 2 potions of might {unknown}
 i - a potion of berserk rage
 l - 4 potions of flight
 o - 2 potions of lignification {unknown}
 r - 3 potions of agility
 s - a potion of cancellation {unknown}
 A - a potion of heal wounds
 C - a potion of resistance {unknown}
 H - a potion of ambrosia {unknown}
 K - 2 potions of curing {unknown}
 O - a potion of magic {unknown}
Books
 u - a book of Changes

   Spells                             Type                      Level
   a - Beastly Appendage              Transmutation                1
   b - Sticks to Snakes               Transmutation                2
   c - Spider Form                    Transmutation/Poison         3
   d - Ice Form                       Ice/Transmutation            4
   e - Blade Hands                    Transmutation                5
 x - a book of Minor Magic

   Spells                             Type                      Level
   a - Magic Dart                     Conjuration                  1
   b - Blink                          Translocation                2
   c - Call Imp                       Summoning                    2
   d - Slow                           Hexes                        2
   e - Conjure Flame                  Conjuration/Fire             3
   f - Mephitic Cloud                 Conjuration/Poison/Air       3
 B - a book of Misfortune

   Spells                             Type                      Level
   a - Confusing Touch                Hexes                        1
   b - Confuse                        Hexes                        3
   c - Gell's Gravitas                Translocation                3
   d - Petrify                        Transmutation/Earth          4
   e - Metabolic Englaciation         Hexes/Ice                    5
   f - Yara's Violent Unravelling     Hexes/Transmutation          5
 M - a book of Necromancy

   Spells                             Type                      Level
   a - Pain                           Necromancy                   1
   b - Animate Skeleton               Necromancy                   1
   c - Vampiric Draining              Necromancy                   3
   d - Regeneration                   Charms/Necromancy            3
   e - Animate Dead                   Necromancy                   4
   f - Control Undead                 Necromancy                   4
Comestibles
 c - 7 bread rations
 m - 3 meat rations
 n - 3 fruits


   Skills:
 + Level 7.8 Fighting
 + Level 11.9 Axes
 + Level 2.0 Throwing
 * Level 12.3 Armour
 + Level 3.4 Dodging
 + Level 1.2 Shields
 * Level 7.2 Invocations
 + Level 1.0 Evocations


You had 10 spell levels left.
You didn't know any spells.

Dungeon Overview and Level Annotations

Branches:
Dungeon (10/15)            Temple (0/1) D:5            Lair (1/6) D:9
    Orc: D:9-12

Altars:
Ashenzari
Fedhas
Gozag
Nemelex Xobeh
Okawaru
Ru
Sif Muna
Trog
Uskayaw
Yredelemnul
Zin

Shops:
D:9 }


Innate Abilities, Weirdness & Mutations

You reflexively headbutt those who attack you in melee.
You have a pair of horns on your head.


Message History

The polar bear claws you but does no damage.
You block the polar bear's attack.
You slash the polar bear! You headbutt the polar bear.
The polar bear is heavily wounded.
The polar bear bites you! You block the polar bear's attack.
The polar bear claws you but does no damage.
You slash the polar bear!
The polar bear is almost dead.
You block the polar bear's attack. x2
The polar bear claws you but does no damage.
You barely miss the polar bear. Your headbutt misses the polar bear.
The polar bear is almost dead.
The polar bear goes berserk!
Your shield and chain mail prevent you from hitting the polar bear.
The polar bear is almost dead.
The polar bear bites you!
* * * LOW HITPOINT WARNING * * *
The polar bear claws you but does no damage. x2
The polar bear bites you!!
You die...

..P# ..# .### ..# .#
##.# #### ## ..# #(.#
#### #.# #..#
##....###.####.)# P#
#......#....#:h.#...#
#.........#.##h...#
#.........#(.@#.###
#.........#.....#
#.........##..###
####.........##..#
...#.........###.#
.......).......#.#
.#..##..#.#..#####
############.# # ###


You could see 2 polar bears.

Vanquished Creatures
  A two-headed ogre (D:9)
  A spiny frog (Lair:1)
  Psyche (D:9)
  A hornet (D:9)
  2 hippogriffs
  A spriggan (D:8)
  A shadow (D:8)
  A wyvern (D:9)
  10 yaks (Lair:1)
  A hungry ghost (D:9)
  Grum (D:9)
  Edmund (D:5)
  A water moccasin (Lair:1)
  Duvessa (D:4)
  2 hell hounds (D:9)
  A porcupine (Lair:1)
  A black bear (D:9)
  6 phantoms
  An ice beast (D:5)
  An orc warrior (D:9)
  A sky beast (D:9)
  7 wolves
  3 centaurs (D:6)
  7 ogres
  3 crocodiles (Lair:1)
  4 bullfrogs
  A big kobold (D:8)
  Dowan (D:4)
  A wyvern zombie (D:9)
  2 scorpions (D:6)
  4 killer bees (D:9)
  An electric eel (D:6)
  5 howler monkeys
  3 crimson imps (D:7)
  A bullfrog zombie (D:5)
  6 orc priests
  2 hounds
  Jessica (D:3)
  2 iguanas
  6 orc wizards
  9 worker ants
  A hound zombie (D:8)
  A hound skeleton (D:4)
  Robin (D:2)
  A howler monkey zombie (D:9)
  A howler monkey skeleton (D:5)
  9 adders
  5 gnolls
  2 shadow imps
  An ooze (D:7)
  2 adder skeletons
  2 worms (D:3)
  8 dart slugs
  11 leopard geckos
  26 orcs
  2 ball pythons
  2 giant cockroaches
  16 goblins
  13 hobgoblins
  19 jackals
  13 kobolds
  2 quokkas
  A ball python zombie (D:5)
  6 bats
  9 frilled lizards
  A jackal zombie (D:5)
  2 leopard gecko zombies
  A quokka skeleton (D:4)
  A quokka zombie (D:7)
  8 rats
273 creatures vanquished.

Vanquished Creatures (others)
  2 electric eels (D:6)
  A dart slug (D:6)
  An orc (D:6)
4 creatures vanquished.

Grand Total: 277 creatures vanquished

Notes
Turn   | Place    | Note
-------+----------+-------------------------------------------
     0 | Abyss:1  | Gargoyl the Minotaur Abyssal Knight began the quest for the Orb.
     0 | Abyss:1  | Reached XP level 1. HP: 19/19 MP: 1/1
    57 | Abyss:2  | Noticed a flying skull
    60 | Abyss:2  | Noticed a flying skull
    66 | D:1      | Escaped the Abyss
    78 | D:1      | Reached * piety under Lugonu
   127 | D:1      | Reached XP level 2. HP: 19/27 MP: 2/2
   230 | D:1      | Reached XP level 3. HP: 28/33 MP: 3/3
   385 | D:1      | Reached skill level 3 in Armour
   999 | D:2      | Noticed Robin
  1017 | D:2      | Killed Robin
  1017 | D:2      | Reached ** piety under Lugonu
  1017 | D:2      | Reached XP level 4. HP: 26/41 MP: 4/4
  1154 | D:2      | Found a hide-covered altar of Uskayaw.
  1654 | D:2      | Found a basalt altar of Yredelemnul.
  1654 | D:2      | Found a blossoming altar of Fedhas.
  1664 | D:2      | Found a glowing silver altar of Zin.
  1666 | D:2      | Found a bloodstained altar of Trog.
  1668 | D:2      | Found a deep blue altar of Sif Muna.
  1806 | D:3      | Reached skill level 4 in Armour
  1950 | D:3      | Found an opulent altar of Gozag.
  2000 | D:3      | Noticed Jessica
  2012 | D:3      | Killed Jessica
  2012 | D:3      | Reached XP level 5. HP: 29/47 MP: 5/5
  2202 | D:3      | Noticed an ogre
  2210 | D:3      | Killed an ogre
  2228 | D:3      | Reached skill level 5 in Axes
  2228 | D:3      | Reached XP level 6. HP: 51/53 MP: 7/7
  2909 | D:4      | Reached skill level 5 in Armour
  3053 | D:4      | Reached *** piety under Lugonu
  3173 | D:4      | Reached XP level 7. HP: 27/60 MP: 8/8
  3537 | D:4      | Noticed Dowan
  3538 | D:4      | Noticed Duvessa
  3560 | D:4      | Killed Duvessa
  3573 | D:4      | Killed Dowan
  3709 | D:4      | Reached skill level 6 in Armour
  3837 | D:4      | Found an iron altar of Okawaru.
  3903 | D:4      | Reached skill level 5 in Fighting
  4098 | D:5      | Entered Level 5 of the Dungeon
  4279 | D:5      | Noticed Edmund
  4298 | D:5      | Killed Edmund
  4298 | D:5      | Reached XP level 8. HP: 57/68 MP: 10/10
  4306 | D:5      | Found a shattered altar of Ashenzari.
  4379 | D:5      | Reached skill level 7 in Armour
  4850 | D:5      | Reached skill level 1 in Throwing
  4999 | D:5      | Found a staircase to the Ecumenical Temple.
  5008 | D:5      | Reached **** piety under Lugonu
  5028 | D:5      | Noticed a hippogriff
  5037 | D:5      | Killed a hippogriff
  5037 | D:5      | Reached skill level 5 in Invocations
  5566 | D:6      | Reached skill level 8 in Armour
  5576 | D:6      | Reached XP level 9. HP: 43/75 MP: 11/11
  6875 | D:6      | Got a steaming whip
  6888 | D:6      | Identified the +2 whip of Qirainar {slash, Str-3 Dex+8 Stlth+} (You found it on level 6 of the Dungeon)
  7265 | D:7      | Found a sacrificial altar of Ru.
  7368 | D:7      | Reached skill level 9 in Armour
  7903 | D:7      | Found a sparkling altar of Nemelex Xobeh.
  8062 | D:8      | Reached skill level 10 in Axes
  8481 | D:8      | Reached ***** piety under Lugonu
  8490 | D:8      | Reached XP level 10. HP: 76/84 MP: 13/13
  8671 | D:9      | Noticed Psyche
  8695 | D:9      | Killed Psyche
  8966 | D:9      | Paralysed by a hornet for 1 turns
  8969 | D:9      | Reached skill level 10 in Armour
  9307 | D:9      | Found a staircase to the Lair.
  9609 | D:9      | Noticed a two-headed ogre
  9627 | D:9      | Killed a two-headed ogre
  9705 | D:9      | Reached skill level 1 in Evocations
 10057 | D:9      | Reached skill level 11 in Armour
 10451 | D:9      | Noticed Grum
 10474 | D:10     | Entered Level 10 of the Dungeon
 10752 | D:9      | Killed Grum
 10852 | D:9      | Found Acimimul's Gadget Emporium.
 11259 | Lair:1   | Entered Level 1 of the Lair of Beasts
 11797 | Lair:1   | Reached XP level 11. HP: 30/92 MP: 15/15
 11848 | Lair:1   | Reached skill level 12 in Armour
 12429 | Lair:1   | Reached skill level 1 in Shields
 12861 | Lair:1   | Slain by a polar bear

Skill      XL: |  1  2  3  4  5  6  7  8  9 10 11 |
---------------+----------------------------------+-----
Fighting       | 4 5 6 7 |  7.8
Axes           | 3 4 5 6 7 8 10 11 | 11.9
Armour         | 3 4 5 6 8 9 11 12 | 12.3
Invocations    | 2 3 4 5 6 7 |  7.2
Dodging        | 2 3 |  3.4
Throwing       | 1 2 |  2.0
Evocations     | 1 |  1.0
Shields        | 1 |  1.2

Action                   |  1- 3 |  4- 6 |  7- 9 | 10-12 || total
-------------------------+-------+-------+-------+-------++-------
Melee: Hand axe          |    86 |   160 |   385 |       ||   631
       Headbutt          |    14 |    36 |    73 |    48 ||   171
       War axe           |       |       |    53 |   254 ||   307
Throw: Tomahawk          |       |       |    19 |     5 ||    24
Invok: Depart the Abyss  |     1 |       |       |       ||     1
       Banish            |       |       |     2 |       ||     2
Evoke: Wand              |       |     4 |     1 |     1 ||     6
  Use: Scroll            |     3 |     6 |     9 |     5 ||    23
       Potion            |       |       |       |     1 ||     1
 Stab: Paralysed         |       |     5 |       |       ||     5
       Confused          |       |       |     3 |     1 ||     4
       Invisible         |       |       |       |     3 ||     3
  Eat: Chunk             |       |     7 |    18 |    12 ||    37
       Bread ration      |       |       |       |     2 ||     2
Armor: Chain mail        |    75 |   103 |   262 |   207 ||   647
       Scale mail        |     7 |       |       |       ||     7
Dodge: Dodged            |    55 |    58 |   163 |   140 ||   416
Block: Other             |       |       |    28 |    15 ||    43
       Reflection        |       |       |     2 |       ||     2
       Shield            |       |       |       |    60 ||    60
